 Dungeon Crawl Stone Soup version 0.30-b1-2-g02819fbbbe (webtiles) character file.

Game seed: 4855563199999203515

14870 LLlMATKO the Nimble (level 11, -10/104 HPs)
             Began as a Minotaur Berserker on June 4, 2023.
             Was a High Priest of Trog.
             Mangled by a boulder beetle (16 damage)
             ... on level 12 of the Dungeon.
             The game lasted 00:12:04 (11455 turns).

LLlMATKO the Nimble (Minotaur Berserker)           Turns: 11455, Time: 00:12:05

Health: -10/104    AC: 22    Str: 28    XL:     11   Next: 94%
Magic:  0/10       EV: 12    Int:  4    God:    Trog [*****.]
Gold:   795        SH:  6    Dex: 12    Spells: 10/10 levels left

rFire   . . .        T - +2 war axe of Ufassaunn {holy, Str+4}
rCold   . . .        J - +0 buckler
rNeg    . . .        L - +0 plate armour
rPois   +            R - +2 hat
rElec   .            g - +2 cloak {Will+}
rCorr   .            (no gloves)
SInv    .            t - +0 pair of boots
Will    +....        o - amulet of guardian spirit Stlth
                     j - ring of flight
HPRegen 0.37/turn    D - ring of poison resistance
MPRegen 0.12/turn

%: guardian spirit
@: spiked, on berserk cooldown, flying, slowed, very slow
A: horns 2, retaliatory headbutt
a: Renounce Religion, Berserk, Trog's Hand, Brothers in Arms


You were on level 12 of the Dungeon.
You worshipped Trog.
Trog was extremely pleased with you.
You visited 1 branch of the dungeon, and saw 12 of its levels.
You also visited: Sewer.

You collected 795 gold pieces.

Inventory:

Hand Weapons
 a - a +1 hand axe of freezing
 T - the +2 war axe of Ufassaunn (weapon) {holy, Str+4}
   (You took it off an orc wizard on level 10 of the Dungeon)

   Str:       It affects your strength (+4).
Missiles
 n - 72 poisoned darts (quivered)
 p - 2 silver boomerangs
 A - 12 boomerangs
 O - 3 javelins
 U - a curare-tipped dart
Armour
 g - a +2 cloak of willpower (worn)
 t - a +0 pair of boots (worn)
 J - a +0 buckler (worn)
 L - a +0 plate armour (worn)
 R - a +2 hat (worn)
Jewellery
 j - a ring of flight (left hand)
 o - an amulet of guardian spirit (around neck)
 B - a ring of willpower
 D - a ring of poison resistance (right hand)
 I - a ring of ice
 S - a ring of fire
Wands
 q - a wand of polymorph (12)
 u - a wand of paralysis (13)
 F - a wand of roots (21)
 K - a wand of digging (3)
 M - a wand of mindburst (4)
Scrolls
 c - 5 scrolls of vulnerability
 d - 2 scrolls of fog
 e - 6 scrolls of teleportation
 f - 19 scrolls of identify
 w - 2 scrolls of summoning
 x - a scroll of brand weapon
 y - a scroll of blinking
 H - 2 scrolls of enchant armour
 P - a scroll of poison
Potions
 b - 3 potions of lignification {unknown}
 h - 6 potions of invisibility {unknown}
 i - 2 potions of brilliance {unknown}
 k - 2 potions of mutation {unknown}
 l - 2 potions of heal wounds
 m - 9 potions of curing {unknown}
 r - 3 potions of cancellation {unknown}
 s - 6 potions of haste {unknown}
 C - 2 potions of flight {unknown}
 E - 3 potions of ambrosia
 G - a potion of attraction {unknown}
 N - 3 potions of resistance {unknown}


   Skills:
 + Level 11.7 Fighting
 + Level 11.6 Axes
 + Level 11.3 Armour
 + Level 13.9 Dodging
 + Level 7.6 Shields


You had 10 spell levels left.
You didn't know any spells.
Your spell library was empty.

Dungeon Overview and Level Annotations

Branches:
Dungeon (12/15)            Temple (0/1) D:6            Lair (0/5) D:8
  Sewer (visited)
    Orc: D:9-12

Altars:
Dithmenos
Elyvilon
Gozag
Wu Jian
Zin

Shops:
D:7 *


Innate Abilities, Weirdness & Mutations

You have a pair of horns on your head.
You reflexively headbutt those who attack you in melee.


Message History

The kobold demonologist hits you but does no damage.
The gargoyle hurls a stone arrow at you.
The stone arrow hits you!
You miss the quasit. Your headbutt misses the quasit.
The quasit is almost dead.
You hit the gargoyle but do no damage.
You completely miss the kobold demonologist.
You barely miss the white imp.
Your skin stops crawling.
You feel less strong-willed.
The quasit bites you but does no damage.
The quasit closely misses you.
The quasit claws you but does no damage.
You block the white imp's attack.
The gargoyle hurls a stone arrow at you.
The stone arrow hits you!!
The kobold demonologist mumbles some strange words.
The manticore flicks its tail.
The volley of spikes hits you!
The barbed spikes become lodged in your body.
The quasit bites you but does no damage.
The quasit claws you. You block the quasit's attack.
The boulder beetle hits you!!
* * * LOW HITPOINT WARNING * * *
The boulder beetle stops rolling and uncurls.
The white imp hits you but does no damage.
Unknown command.
You slash the kobold demonologist! You headbutt the kobold demonologist.
The kobold demonologist is almost dead.
You closely miss the white imp. You hit the gargoyle but do no damage.
You hit the boulder beetle but do no damage.
You miss the quasit.
The crimson imp disappears in a puff of smoke!
The quasit bites you but does no damage.
The quasit closely misses you. You block the quasit's attack.
The kobold demonologist looks braver for a moment.
The gargoyle hurls a stone arrow at you.
The stone arrow hits you.
* * * LOW HITPOINT WARNING * * *
The boulder beetle bites you!
You die...

.# ..............# ..
##.#.#######.#.# ..
..#.# #.).#.# ###.#
#.###.# # #.# #.# #.#
.#.####.#####.# #.#
......5.....#.# #.#
.....°95###.#.###.##
#....°K@.).H..##...#####
...###B5###.####........
#§.# #.# #...##### #..#
#.# ##### #..# #.# #..#
#.# #..# #.# #### #.#


You could see a boulder beetle, a manticore, a kobold demonologist, a gargoyle,
a quasit (summoned), a white imp (summoned) and a shadow imp (summoned).

Vanquished Creatures
  Erica (D:10)
  A boulder beetle (D:11)
  5 two-headed ogres
  A tengu warrior (D:11)
  A necromancer (D:11)
  A deep elf pyromancer (D:12)
  Pikel (D:7)
  An unseen horror (D:12)
  A kobold demonologist (D:11)
  2 trolls (D:12)
  4 wyverns
  17 yaks
  Edmund (D:6)
  Duvessa (D:7)
  3 orc warriors
  A black bear (D:6)
  6 centaurs
  2 phantoms (D:6)
  2 lemures (D:7)
  10 kobold brigands
  2 gnoll sergeants
  3 scorpions
  6 wights
  Dowan (D:7)
  12 killer bees
  4 howler monkeys
  A jelly (D:7)
  3 hounds
  Crazy Yiuf (D:7)
  5 orc priests
  A sleepcap (D:6)
  3 iguanas
  13 orc wizards
  Natasha (thrice) (D:3)
  A hell rat (Sewer)
  4 yak simulacra (D:11)
  A polar bear simulacrum (D:11)
  2 wolf simulacra (D:11)
  10 gnolls
  8 adders
  6 river rats
  A white imp (D:5)
  2 ufetubi
  4 worms
  3 dart slugs
  33 orcs
  11 ball pythons
  5 endoplasms
  4 giant cockroaches
  7 hobgoblins
  13 jackals
  5 quokkas
  2 bats (D:1)
  A frilled lizard (D:2)
  6 goblins
  34 kobolds
  9 rats
  4 river rat simulacra (D:11)
296 creatures vanquished.

Vanquished Creatures (collateral kills)
  The ghost of arta456 the Conjurer, an amateur DECj of Okawaru (D:5)
  An ice beast (D:6)
  2 killer bees (D:5)
4 creatures vanquished.

Grand Total: 300 creatures vanquished

Notes
Turn   | Place    | Note
-------+----------+-------------------------------------------
     0 | D:1      | LLlMATKO the Minotaur Berserker began the quest for the
                  | Orb.
     0 | D:1      | Reached XP level 1. HP: 19/19 MP: 0/0
   182 | D:1      | Reached XP level 2. HP: 21/27 MP: 1/1
   845 | D:2      | Found an opulent altar of Gozag.
   877 | D:2      | Reached XP level 3. HP: 33/33 MP: 2/2
   958 | D:2      | Reached ** piety under Trog
  1045 | D:2      | Reached skill level 3 in Dodging
  1147 | D:2      | Reached XP level 4. HP: 40/41 MP: 3/3
  1761 | D:3      | Noticed Natasha
  1767 | D:3      | Killed Natasha
  1871 | D:3      | Noticed Natasha
  1882 | D:3      | Killed Natasha
  1883 | D:3      | Reached XP level 5. HP: 37/47 MP: 1/4
  2105 | D:3      | You are sucked into a shaft and drop 3 floors!
  2112 | D:6      | Found a staircase to the Ecumenical Temple.
  2114 | D:6      | Identified a scroll of acquirement
  2114 | D:6      | Acquired a manual of Dodging
  2118 | D:6      | Noticed an ice beast
  2125 | D:6      | Killed an ice beast
  2126 | D:6      | Reached skill level 5 in Fighting
  2126 | D:6      | Reached skill level 5 in Axes
  2126 | D:6      | Reached skill level 4 in Dodging
  2177 | D:6      | Reached XP level 6. HP: 21/56 MP: 1/5
  2299 | D:6      | Reached skill level 5 in Dodging
  2328 | D:6      | Reached skill level 5 in Armour
  2392 | D:6      | Reached XP level 7. HP: 49/62 MP: 4/6
  2487 | D:6      | Noticed Edmund
  2495 | D:6      | Killed Edmund
  2496 | D:6      | Reached skill level 6 in Dodging
  2634 | D:6      | Reached *** piety under Trog
  2646 | D:6      | Found a glowing drain.
  2656 | Sewer    | Entered a sewer
  2848 | D:6      | Reached XP level 8. HP: 71/71 MP: 7/7
  2886 | D:6      | Reached skill level 7 in Dodging
  3305 | D:5      | Entered Level 5 of the Dungeon
  3351 | D:5      | Found an ornate altar of the Wu Jian Council.
  3351 | D:5      | Found a white marble altar of Elyvilon.
  3448 | D:3      | Noticed Natasha
  3457 | D:3      | Killed Natasha
  4839 | D:4      | Reached **** piety under Trog
  5363 | D:5      | Reached skill level 8 in Dodging
  5463 | D:5      | Found a transporter.
  5482 | D:5      | Found a transporter.
  5483 | D:5      | Noticed arta456's ghost (amateur DECj)
  5637 | D:5      | Killed arta456's ghost
  5860 | D:7      | Found Oninn's Gadget Gallery.
  5941 | D:7      | Reached XP level 9. HP: 81/81 MP: 8/8
  5986 | D:7      | Reached skill level 9 in Dodging
  6242 | D:7      | Found a runed translucent door.
  6243 | D:7      | Noticed Crazy Yiuf
  6319 | D:7      | Noticed Pikel
  6335 | D:7      | Killed Pikel
  6492 | D:7      | Noticed Duvessa
  6492 | D:7      | Noticed Dowan
  6500 | D:7      | Killed Duvessa
  6501 | D:7      | Killed Dowan
  6792 | D:7      | Killed Crazy Yiuf
  6918 | D:8      | Reached skill level 10 in Dodging
  7038 | D:8      | Reached skill level 1 in Shields
  7281 | D:8      | Found a staircase to the Lair.
  7333 | D:8      | Reached XP level 10. HP: 82/91 MP: 9/9
  7419 | D:8      | Found a glowing silver altar of Zin.
  7706 | D:8      | Reached skill level 11 in Dodging
  8188 | D:9      | Noticed a two-headed ogre
  8201 | D:9      | Killed a two-headed ogre
  8351 | D:9      | Reached skill level 10 in Fighting
  8548 | D:9      | Identified the staff of poison "Suarofy" {rPois Stlth+}
  8632 | D:9      | Found a shadowy altar of Dithmenos.
  8683 | D:9      | Reached skill level 10 in Axes
  9038 | D:10     | Entered Level 10 of the Dungeon
  9081 | D:10     | Reached skill level 12 in Dodging
  9107 | D:10     | Reached ***** piety under Trog
  9227 | D:10     | Noticed Erica
  9244 | D:10     | Killed Erica
  9245 | D:10     | Reached skill level 10 in Armour
  9245 | D:10     | Reached skill level 5 in Shields
  9468 | D:10     | Identified the +8 flail of No Interval {venom, rCorr Int-4
                  | Stlth+}
  9511 | D:10     | Reached XP level 11. HP: 91/101 MP: 10/10
 10019 | D:10     | Identified the +2 war axe of Ufassaunn {holy, Str+4}
 10099 | D:11     | Noticed a tengu warrior
 10108 | D:11     | Noticed a two-headed ogre
 10114 | D:11     | Killed a tengu warrior
 10118 | D:11     | Killed a two-headed ogre
 10293 | D:11     | Noticed a necromancer
 10299 | D:11     | Killed a necromancer
 10300 | D:11     | Reached skill level 13 in Dodging
 10759 | D:11     | Noticed a two-headed ogre
 10765 | D:11     | Killed a two-headed ogre
 10825 | D:11     | Noticed a boulder beetle
 10848 | D:11     | Killed a boulder beetle
 11144 | D:12     | Noticed a deep elf pyromancer
 11151 | D:12     | Killed a deep elf pyromancer
 11317 | D:12     | Noticed a two-headed ogre
 11324 | D:12     | Killed a two-headed ogre
 11417 | D:12     | Noticed a boulder beetle
 11435 | D:12     | Noticed a two-headed ogre
 11448 | D:12     | Killed a two-headed ogre
 11455 | D:12     | Mangled by a boulder beetle

Illustrated notes

Levels and vault maps discovered:
D:1:      minmay_arrival_checkered_box, layout_loops_ring, columned_hall_lemuel,
          dreamdust_wishing_well
D:2:      layout_basic, basic_altar, minmay_split_cup_small
D:3:      layout_basic, uniq_natasha
D:4:      layout_basic
D:5:      layout_rooms, gammafunk_temple_overflow_wave, gammafunk_ghost_hive
D:6:      layout_basic, minmay_temple_entry_offerings, portal_sewer_entry_e,
          uniq_edmund
D:7:      layout_loops_corners, nicolae_shop_gadgets, uniq_crazy_yiuf_cottage,
          uniq_pikel, uniq_duvessa
D:8:      layout_basic, zin_treasury, dpeg_oklobed_lair
D:9:      layout_cave_pools, kennysheep_mini
D:10:     layout_irregular_city, uniq_erica
D:11:     layout_loops_ring, eino_house_with_fridge
D:12:     layout_loops_ring, orc_0_dummy, gauntlet_entry_generic,
          kennysheep_nub, kennysheep_generic_room_8

Skill      XL: |  1  2  3  4  5  6  7  8  9 10 11 |
---------------+----------------------------------+-----
Axes           | 4 5 6 7 9 10 11 | 11.6
Fighting       | 4 5 6 8 9 10 11 | 11.7
Armour         | 3 4 5 6 7 8 10 11 | 11.3
Dodging        | 3 4 5 6 8 10 12 13 | 13.9
Shields        | 2 5 7 |  7.6

Action                     |  1- 3 |  4- 6 |  7- 9 | 10-12 || total
---------------------------+-------+-------+-------+-------++-------
  Melee: Hand axe          |    73 |   113 |   318 |   210 ||   714
         Headbutt          |     8 |    16 |    61 |    75 ||   160
         Punch             |       |     1 |     4 |       ||     5
         War axe           |       |       |       |   136 ||   136
  Throw: Dart              |       |       |       |    16 ||    16
 Invoke: Berserk           |     1 |     2 |     6 |     8 ||    17
         Trog's Hand       |       |     2 |     3 |     1 ||     6
         Brothers in Arms  |       |       |     1 |       ||     1
    Use: Scroll            |       |     9 |       |     7 ||    16
 Armour: Animal skin       |    12 |       |       |       ||    12
         Ring mail         |     2 |    56 |    21 |       ||    79
         Chain mail        |       |       |   115 |     9 ||   124
         Plate armour      |       |       |       |   170 ||   170
  Dodge: Dodged            |    48 |    63 |   209 |   126 ||   446
  Block: Buckler           |       |       |     7 |    85 ||    92
